[Event "Titled Tuesday Blitz May 4 2021"]
[White "Sharapov, Evgeny"]
[Black "Ohanyan, Emin"]
[WhiteFideId "14103133"]
[BlackFideId "13312022"]
[WhiteElo "2367"]
[BlackElo "1648"]
[Result "1-0"]
[Round "04"]
[TimeControl "180+1"]
[Date "2021.05.04"]
[WhiteClock "0:00:18"]
[BlackClock "0:00:01"]

1. c4 e5 2. Nc3 Nf6 3. g3 d5 4. cxd5 Nxd5 5. Bg2 Nb6 6. Nf3 Nc6 7. O-O Be7 8. b3 Be6 9. Bb2 Qd7 10. Rc1 O-O-O 11. d3 Kb8 12. Ne4 f6 13. Nc5 Bxc5 14. Rxc5 Bh3 15. a3 Bxg2 16. Kxg2 h5 17. h4 g5 18. b4 Ne7 19. Qc2 Ng6 20. hxg5 h4 21. gxf6 Rdg8 22. Nxe5 Nxe5 23. Bxe5 hxg3 24. fxg3 Qh3+ 25. Kf2 Nd7 26. Bxc7+ Ka8 27. Bf4 Nxf6 28. Ke1 Ng4 29. Rc7 Qg2 30. e4 Qh3 31. Qc4 Rb8 32. b5 Qg2 33. Qc2 Qh3 34. b6 a6 35. Qc4 1-0


[Site "https://www.chess.com"]

[Event "Titled Tuesday Blitz May 4 2021"]
[White "Shimelkov, Vasiliy"]
[Black "Isajevsky, Anton"]
[WhiteFideId "13701630"]
[BlackFideId "4142500"]
[WhiteElo "2073"]
[BlackElo "2510"]
[Result "0-1"]
[Round "04"]
[TimeControl "180+1"]
[Date "2021.05.04"]
[WhiteClock "0:00:09"]
[BlackClock "0:00:05"]

1. d4 d5 2. Nf3 Nf6 3. c4 e6 4. Nc3 Be7 5. Bg5 h6 6. Bh4 O-O 7. e3 b6 8. Bd3 dxc4 9. Bxc4 Bb7 10. O-O Nbd7 11. Rc1 a6 12. Qe2 b5 13. Bd3 c5 14. Rfd1 Qb6 15. Bb1 Rfd8 16. Ne5 cxd4 17. exd4 Rac8 18. Qc2 Nf8 19. a3 Rxd4 20. Rxd4 Qxd4 21. Bg3 Be4 22. Qe2 Bxb1 23. Rxb1 Nd5 24. Nxd5 Qxd5 25. Rd1 Qb3 26. h3 Rc2 27. Qh5 g6 28. Qg4 h5 29. Qd4 Bf6 30. Qd6 Rxb2 31. Nc6 Rb1 32. Rxb1 Qxb1+ 33. Kh2 Qe4 34. Qd7 Qd5 35. Qb7 a5 36. Nxa5 Qxb7 37. Nxb7 Bb2 38. Bd6 Nd7 39. Bb4 Nb6 40. Nd6 Nc4 41. Nxb5 f6 42. a4 Kf7 43. a5 Be5+ 44. g3 Ke8 45. a6 Kd7 46. a7 Nb6 47. Bc5 Na8 48. Kg2 Kc6 49. Nd4+ Kxc5 50. Nxe6+ Kb6 51. Nf8 g5 52. Kf3 Kxa7 53. Ke4 Nb6 54. f4 gxf4 55. gxf4 Bb2 56. Kf5 Nd5 57. Nd7 Kb7 58. h4 Kc6 59. Nf8 Kd6 60. Ng6 Kd7 61. Ke4 Ne7 62. Nf8+ Kd6 63. Nh7 f5+ 64. Kf3 Ke6 65. Ng5+ Kf6 66. Nh7+ Kg6 67. Nf8+ Kf7 68. Nh7 Ng6 69. Ng5+ Ke7 70. Kg3 Bc1 71. Nh3 Kd6 72. Ng5 Bxf4+ 73. Kf3 Bxg5 74. hxg5 Ke5 0-1


[Site "https://www.chess.com"]

[Event "Titled Tuesday Blitz May 4 2021"]
[White "Shirazi, Kamran"]
[Black "Sellitti, Federico"]
[WhiteFideId "2000733"]
[BlackFideId "821829"]
[WhiteElo "2317"]
[BlackElo "2609"]
[Result "0-1"]
[Round "04"]
[TimeControl "180+1"]
[Date "2021.05.04"]
[WhiteClock "0:00:11"]
[BlackClock "0:00:12"]

1. e3 c5 2. Ne2 Nc6 3. d4 cxd4 4. Nxd4 Nf6 5. Nc3 g6 6. h4 h5 7. Bc4 Bg7 8. a3 d5 9. Ba2 Bg4 10. Nf3 d4 11. exd4 Bxf3 12. Qxf3 Nxd4 13. Qd3 Nf5 14. Qb5+ Qd7 15. Bg5 Qxb5 16. Nxb5 O-O 17. f3 Rac8 18. O-O-O a6 19. Nd4 Nxd4 20. Rxd4 Rfd8 21. Rhd1 Rxd4 22. Rxd4 Kf8 23. Rb4 b5 24. a4 Rb8 25. axb5 Rxb5 26. Rc4 Ne8 27. c3 Bf6 28. Bh6+ Bg7 29. Bf4 Bf6 30. g3 Nd6 31. Rc7 Nf5 32. Bc4 Rb6 33. Ra7 e5 34. Rxf7+ Ke8 35. Bg5 Bxg5+ 36. hxg5 Rc6 37. Bd5 Rd6 38. Bb3 Ne3 39. Rf6 Rxf6 40. gxf6 Nf1 41. Bc2 Kf7 42. g4 h4 43. Bd3 Ng3 44. g5 h3 45. Bc4+ Kf8 46. f4 h2 47. Bd5 e4 48. f5 h1=Q+ 49. Kc2 Qg2+ 50. Kb3 gxf5 51. g6 Nh5 52. g7+ Nxg7 53. fxg7+ Qxg7 54. Bc4 Qe5 55. Bxa6 e3 56. Be2 f4 57. Kc2 Qe4+ 58. Bd3 Qg2+ 59. Kb3 e2 0-1


[Site "https://www.chess.com"]

[Event "Titled Tuesday Blitz May 4 2021"]
[White "Shvedova, Alexandra"]
[Black "Yurtseven, Melih"]
[WhiteFideId "54154782"]
[BlackFideId "6312160"]
[WhiteElo "1887"]
[BlackElo "2160"]
[Result "0-1"]
[Round "04"]
[TimeControl "180+1"]
[Date "2021.05.04"]
[WhiteClock "0:00:18"]
[BlackClock "0:00:55"]

1. e4 e6 2. d4 d5 3. Nd2 Nc6 4. Ngf3 Nf6 5. e5 Nd7 6. c3 Be7 7. Bd3 f6 8. exf6 Bxf6 9. O-O O-O 10. Re1 e5 11. dxe5 Ndxe5 12. Nxe5 Nxe5 13. Bb1 Bg4 14. Qc2 g6 15. Nf1 Qd6 16. Ne3 Rae8 17. Bd2 Bf3 18. a4 Bh4 19. g3 Be4 20. Qc1 Nf3+ 21. Kh1 Nxd2+ 22. Bxe4 Nxe4 23. gxh4 Rxf2 24. Ng4 Rf4 25. h3 Rxg4 26. hxg4 Qg3 27. Qe3 Qxg4 28. Kh2 Qxh4+ 29. Kg2 Qg4+ 30. Kh2 Re5 31. Qh3 Rh5 32. Qxh5 Qxh5+ 33. Kg2 Qg4+ 34. Kh2 Qg3+ 35. Kh1 Nf2# 0-1


[Site "https://www.chess.com"]

[Event "Titled Tuesday Blitz May 4 2021"]
[White "Shyaamnikhil P"]
[Black "Brunner, Nicolas"]
[WhiteFideId "5024218"]
[BlackFideId "620246"]
[WhiteElo "2300"]
[BlackElo "2372"]
[Result "1-0"]
[Round "04"]
[TimeControl "180+1"]
[Date "2021.05.04"]
[WhiteClock "0:00:51"]
[BlackClock "0:00:05"]

1. e3 d5 2. c4 e6 3. Nc3 Nf6 4. g4 h6 5. h3 a6 6. Nf3 dxc4 7. Bxc4 b5 8. Be2 Bb7 9. Rg1 Nbd7 10. d4 c5 11. a3 Bd6 12. dxc5 Nxc5 13. b4 Nce4 14. Bb2 Qe7 15. Qd4 Rd8 16. Nxe4 Bxe4 17. Rd1 Qb7 18. Ne5 Be7 19. Qc3 Rxd1+ 20. Bxd1 O-O 21. g5 hxg5 22. f3 Bh7 23. Nc6 Kh8 24. Nxe7 Qxe7 25. Rxg5 Rd8 26. Be2 Bg6 27. h4 Rd5 28. Rxd5 exd5 29. Qe5 Qd7 30. Qb8+ Kh7 31. Bxf6 gxf6 32. Qf4 Kg7 33. Qg4 Qc6 34. h5 Qc3+ 35. Kf2 Qxa3 36. hxg6 fxg6 37. Qd4 Qb3 38. Qa7+ Kh6 39. Qxa6 Qxb4 40. Qxf6 Qb1 41. Qh8+ Kg5 42. f4+ Kf5 43. Qf8+ Ke6 44. Bg4+ 1-0


[Site "https://www.chess.com"]

[Event "Titled Tuesday Blitz May 4 2021"]
[White "Sikorova, Olga"]
[Black "Alexeev, Alexey"]
[WhiteFideId "307033"]
[BlackFideId "14106663"]
[WhiteElo "2188"]
[BlackElo "2185"]
[Result "0-1"]
[Round "04"]
[TimeControl "180+1"]
[Date "2021.05.04"]
[WhiteClock "0:00:04"]
[BlackClock "0:01:15"]

1. c4 c6 2. g3 d5 3. Bg2 Nf6 4. Nf3 g6 5. O-O Bg7 6. e3 O-O 7. Nc3 b6 8. b3 Bb7 9. Bb2 Nbd7 10. d3 e5 11. e4 dxe4 12. dxe4 Qe7 13. Qe2 a5 14. Rad1 Nc5 15. Qc2 Nfd7 16. a3 Ne6 17. Ne2 c5 18. Nc3 Nd4 19. Nxd4 cxd4 20. Nd5 Qd6 21. b4 axb4 22. axb4 Bxd5 23. exd5 Qxb4 24. Ra1 Nc5 25. d6 Rxa1 26. Rxa1 d3 27. Qc3 Qxc3 28. Bxc3 e4 29. Bxg7 Kxg7 30. Rb1 Na4 31. Kf1 Nc3 0-1


[Site "https://www.chess.com"]

[Event "Titled Tuesday Blitz May 4 2021"]
[White "Sirosh, Ilja"]
[Black "Costachi, Mihnea"]
[WhiteFideId "4500458"]
[BlackFideId "1217518"]
[WhiteElo "2241"]
[BlackElo "2479"]
[Result "0-1"]
[Round "04"]
[TimeControl "180+1"]
[Date "2021.05.04"]
[WhiteClock "0:00:07"]
[BlackClock "0:00:39"]

1. e4 e5 2. Nf3 Nc6 3. Bc4 Bc5 4. c3 Nf6 5. d3 d6 6. O-O a6 7. a4 h6 8. Nbd2 Ba7 9. Re1 g5 10. Qb3 Na5 11. Bxf7+ Kf8 12. Qa2 Qe7 13. Bb3 Nxb3 14. Qxb3 Kg7 15. Nf1 g4 16. N3d2 Rf8 17. Nc4 Be6 18. Be3 Bxe3 19. Nfxe3 Rab8 20. Qc2 Nh5 21. d4 b5 22. axb5 axb5 23. Na5 Qg5 24. d5 Bd7 25. Nc6 Bxc6 26. dxc6 Nf4 27. Ra7 Rf7 28. b4 Rb6 29. Rb7 Rxc6 30. Rxb5 h5 31. Rb8 h4 32. Ra1 Rxc3 33. Qd1 g3 34. hxg3 hxg3 35. Raa8 gxf2+ 36. Kf1 Rxe3 37. Rg8+ Kf6 38. Rxg5 Re1+ 39. Qxe1 fxe1=R+ 40. Kxe1 Kxg5 0-1


[Site "https://www.chess.com"]

[Event "Titled Tuesday Blitz May 4 2021"]
[White "Skatchkov, Pavel"]
[Black "Begunov, Konstantin"]
[WhiteFideId "4121848"]
[BlackFideId "4118510"]
[WhiteElo "2476"]
[BlackElo "2262"]
[Result "1/2-1/2"]
[Round "04"]
[TimeControl "180+1"]
[Date "2021.05.04"]
[WhiteClock "0:01:40"]
[BlackClock "0:00:34"]

1. d4 d5 2. c4 c6 3. Nf3 Nf6 4. Qc2 Bg4 5. Ne5 Bh5 6. Bf4 e6 7. e3 Nbd7 8. Nc3 Nxe5 9. Bxe5 Bd6 10. Bg3 O-O 11. Bd3 Bg6 12. Bxg6 hxg6 13. Qb3 Rb8 14. Qa4 a6 15. c5 Bc7 16. b4 Re8 17. f4 Ne4 18. Nxe4 dxe4 19. Qb3 Qd5 20. Qxd5 exd5 21. a4 b6 22. O-O bxc5 23. bxc5 Rb3 24. Rfb1 Reb8 25. Rxb3 Rxb3 26. Bf2 Ba5 27. Kf1 Rb2 28. h3 f5 29. g4 Kf7 30. Be1 Bxe1 31. Rxe1 Rh2 32. Kg1 Rxh3 33. g5 Rf3 34. Kg2 a5 35. Re2 Ke6 36. Re1 Kd7 37. Re2 Kc7 38. Re1 Kb7 39. Re2 Kc7 40. Re1 Kc8 41. Re2 Kc7 1/2-1/2


[Site "https://www.chess.com"]

[Event "Titled Tuesday Blitz May 4 2021"]
[White "Skoberne, Jure"]
[Black "Gonzalez, Francisco Silva"]
[WhiteFideId "14604299"]
[BlackFideId "1512285"]
[WhiteElo "2559"]
[BlackElo "2159"]
[Result "1-0"]
[Round "04"]
[TimeControl "180+1"]
[Date "2021.05.04"]
[WhiteClock "0:00:07"]
[BlackClock "0:00:47"]

1. Nf3 d5 2. c4 e6 3. g3 a6 4. Bg2 dxc4 5. O-O Nc6 6. Na3 Bxa3 7. bxa3 e5 8. Bb2 f6 9. Qc2 Be6 10. Rfd1 Nge7 11. d4 cxd3 12. exd3 O-O 13. d4 exd4 14. Nxd4 Nxd4 15. Bxd4 Qc8 16. Be4 Bf5 17. Qb3+ Be6 18. Qxb7 Rb8 19. Qxc8 Rfxc8 20. Re1 Kf7 21. Bc5 Ng6 22. f4 f5 23. Bd3 Rb2 24. Bxa6 Rd8 25. Bb4 Rxa2 26. Rac1 Bd5 27. Rxc7+ Kg8 28. Bf1 h5 29. Bc3 Bf7 30. Rxf7 Kxf7 31. Bc4+ Kf8 32. Bxa2 Ne7 33. Bb4 Rd3 34. Bxe7+ Ke8 35. Bb4+ Kd7 36. Be6+ Kc6 37. Bxf5 Rb3 38. Bc2 Rb2 39. Rc1 Kd5 40. Kf2 Kc4 41. Ke3 Kd5 42. h3 h4 43. gxh4 Ke6 44. Ke4 g6 45. h5 Kf7 46. hxg6+ Kxg6 47. Ke5+ Kf7 48. f5 Kg7 49. Ke6 Kg8 50. f6 Rxc2 51. Rxc2 Kh7 52. Rg2 Kh6 53. f7 Kh5 54. f8=Q 1-0


[Site "https://www.chess.com"]

[Event "Titled Tuesday Blitz May 4 2021"]
[White "Smith, Shreyas"]
[Black "Reprintsev, Alexander"]
[WhiteFideId "7400713"]
[BlackFideId "14100541"]
[WhiteElo "2129"]
[BlackElo "2194"]
[Result "0-1"]
[Round "04"]
[TimeControl "180+1"]
[Date "2021.05.04"]
[WhiteClock "0:01:32"]
[BlackClock "0:01:51"]

1. d4 d5 2. c4 e5 3. dxe5 d4 4. Nf3 Nc6 5. a3 g6 6. b4 Bg7 7. Bb2 Nh6 8. Nbd2 O-O 9. Nb3 a5 10. Nbxd4 Nxe5 11. Nxe5 Bxe5 12. bxa5 c5 13. Qd2 Bxd4 14. Bxd4 Qxd4 15. Qxd4 cxd4 16. Rd1 Rxa5 0-1


[Site "https://www.chess.com"]

[Event "Titled Tuesday Blitz May 4 2021"]
[White "Sowa, Ryan"]
[Black "Bugayev, Vladimir"]
[WhiteFideId "30901693"]
[BlackFideId "30901480"]
[WhiteElo "2558"]
[BlackElo "2343"]
[Result "0-1"]
[Round "04"]
[TimeControl "180+1"]
[Date "2021.05.04"]
[WhiteClock "0:02:15"]
[BlackClock "0:01:46"]

1. Nf3 c5 2. c4 Nc6 3. d4 cxd4 4. Nxd4 g6 5. e4 Nf6 6. Be3 Nxe4 7. Nxc6 bxc6 8. Bd4 Nf6 9. Nc3 Bg7 10. Qc2 O-O 11. h4 e5 12. Bc5 d6 13. O-O-O Ne8 14. Bxd6 Nxd6 15. c5 Bf5 16. Qa4 Bh6+ 0-1


[Site "https://www.chess.com"]

[Event "Titled Tuesday Blitz May 4 2021"]
[White "Spata, German"]
[Black "Poghosyan, Suren"]
[WhiteFideId "113026"]
[BlackFideId "13303201"]
[WhiteElo "2238"]
[BlackElo "2314"]
[Result "1-0"]
[Round "04"]
[TimeControl "180+1"]
[Date "2021.05.04"]
[WhiteClock "0:01:30"]
[BlackClock "0:01:10"]

1. Nf3 c5 2. b3 d5 3. Bb2 Nf6 4. e3 Nc6 5. Be2 Bd7 6. O-O e6 7. c4 Bd6 8. cxd5 exd5 9. d4 cxd4 10. Nxd4 O-O 11. Nc3 Rc8 12. Rc1 Re8 13. Nf3 Be6 14. Nb5 Bb8 15. a3 a6 16. Nbd4 Nxd4 17. Bxd4 Rxc1 18. Qxc1 h6 19. Qb2 Bg4 20. Rc1 Qd6 21. g3 Nh5 22. b4 Qe6 23. Qc2 Qe4 24. Nh4 Bxe2 25. Qxe2 Qxd4 26. Qxh5 Rxe3 27. Rc8+ Kh7 28. Qf5+ g6 29. Qxf7+ Qg7 30. Qxg7+ Kxg7 31. fxe3 Ba7 32. Kf2 1-0


[Site "https://www.chess.com"]

[Event "Titled Tuesday Blitz May 4 2021"]
[White "Srisshhhtea"]
[Black "Foerster-Yialamas, Lucas"]
[BlackFideId "30901774"]
[WhiteElo "2375"]
[BlackElo "1744"]
[Result "1-0"]
[Round "04"]
[TimeControl "180+1"]
[Date "2021.05.04"]
[WhiteClock "0:02:13"]
[BlackClock "0:01:28"]

1. d4 Nf6 2. c4 g6 3. Nc3 d5 4. Nf3 Bg7 5. Bf4 O-O 6. e3 dxc4 7. Bxc4 c5 8. dxc5 Qa5 9. O-O Qxc5 10. Bb3 Nc6 11. Rc1 Qa5 12. h3 Rd8 13. Qe2 a6 14. Rfd1 b5 15. Rxd8+ Qxd8 16. Nxb5 axb5 17. Rxc6 Bf5 18. Ne5 e6 19. Qxb5 Nh5 20. Qb7 Nxf4 21. Qxf7+ Kh8 22. exf4 Bh6 23. Rc7 1-0


[Site "https://www.chess.com"]

[Event "Titled Tuesday Blitz May 4 2021"]
[White "Stepak, Yedael"]
[Black "Kanyamarala, Trisha"]
[WhiteFideId "2800454"]
[BlackFideId "45004722"]
[WhiteElo "2146"]
[BlackElo "2074"]
[Result "0-1"]
[Round "04"]
[TimeControl "180+1"]
[Date "2021.05.04"]
[WhiteClock "0:00:01"]
[BlackClock "0:00:04"]

1. d4 Nf6 2. c4 e6 3. Nf3 d5 4. e3 Bb4+ 5. Nc3 O-O 6. Bd3 dxc4 7. Bxc4 c5 8. O-O cxd4 9. exd4 Nc6 10. Bg5 h6 11. Bh4 Be7 12. Re1 b6 13. Qe2 Bb7 14. Rad1 Kh8 15. a3 Rc8 16. Bd3 Nxd4 17. Nxd4 Qxd4 18. Bg3 Qc5 19. Rc1 Qa5 20. Qe5 Qxe5 21. Bxe5 Rfd8 22. Bf1 Nd5 23. Nb5 a6 24. Nc3 f6 25. Bd4 Nxc3 26. Bxc3 e5 27. Rcd1 Kg8 28. h3 Kf7 29. Bd3 Bc5 30. Bf5 Rb8 31. h4 g6 32. Bd7 Ke7 33. Ba4 b5 34. Bb3 Rxd1 35. Rxd1 Rd8 36. Rxd8 Kxd8 37. Bf7 Be4 38. Kf1 Ke7 39. f3 Bd3+ 40. Ke1 Kxf7 41. Kd2 Bf5 42. g4 Be6 43. Kd3 Bd5 44. Ke2 Bc4+ 45. Kd2 h5 46. b4 Bb6 47. gxh5 gxh5 48. Ke1 Ke6 49. Bd2 Bd5 50. Ke2 Bc4+ 51. Ke1 f5 52. Bg5 f4 53. Kd2 Kf5 0-1


[Site "https://www.chess.com"]

[Event "Titled Tuesday Blitz May 4 2021"]
[White "Suarez Uriel, Adrian"]
[Black "Langner, Ladislav"]
[WhiteFideId "22230874"]
[BlackFideId "300403"]
[WhiteElo "2299"]
[BlackElo "2346"]
[Result "1-0"]
[Round "04"]
[TimeControl "180+1"]
[Date "2021.05.04"]
[WhiteClock "0:00:09"]
[BlackClock "0:00:00"]

1. Nf3 c5 2. e4 Nf6 3. e5 Nd5 4. Nc3 Nxc3 5. dxc3 Nc6 6. Bf4 g6 7. h4 h5 8. Bd3 Bg7 9. Qe2 Qb6 10. O-O-O a5 11. Nd2 Qc7 12. Nc4 O-O 13. g4 b5 14. Nd6 exd6 15. exd6 Qd8 16. gxh5 Qf6 17. Bg5 Qxd6 18. hxg6 Qe5 19. Qh5 fxg6 20. Bxg6 Bh6 21. Qxh6 Qh8 22. Rhg1 Qxh6 23. Bxh6 Rxf2 24. Rde1 Bb7 25. Be4+ Kh8 26. Bg7+ Kg8 27. Bd5+ Kh7 28. h5 Nd8 29. Re7 Bxd5 30. Bd4+ 1-0


[Site "https://www.chess.com"]

[Event "Titled Tuesday Blitz May 4 2021"]
[White "Suasnabar, Jesus"]
[Black "Guzman Moneo, Alberto"]
[WhiteFideId "3800776"]
[BlackFideId "2209616"]
[WhiteElo "2002"]
[BlackElo "2157"]
[Result "1-0"]
[Round "04"]
[TimeControl "180+1"]
[Date "2021.05.04"]
[WhiteClock "0:00:48"]
[BlackClock "0:01:05"]

1. d4 Nf6 2. Nf3 c5 3. c4 cxd4 4. Nxd4 e5 5. Nb5 d5 6. cxd5 Bc5 7. Qc2 Qb6 8. Be3 Nbd7 9. Bxc5 Nxc5 10. N1c3 O-O 11. e4 Bd7 12. f3 Rac8 13. Na3 a6 14. Qd2 Qa7 15. Nc4 b5 16. Na5 b4 17. Nd1 Qb6 18. Nc4 Qa7 19. Qxb4 Rb8 20. Qd2 Rfc8 21. Nde3 a5 22. Be2 a4 23. O-O Bb5 24. Nd6 Ncxe4 25. fxe4 Bxe2 26. Nxc8 Rxc8 27. Rxf6 gxf6 28. Qxe2 a3 29. Qg4+ 1-0


[Site "https://www.chess.com"]

[Event "Titled Tuesday Blitz May 4 2021"]
[White "Sumaneev, Dmitry"]
[Black "Lysenko, Volodymyr"]
[WhiteFideId "4125312"]
[BlackFideId "14175770"]
[WhiteElo "2505"]
[BlackElo "1957"]
[Result "1-0"]
[Round "04"]
[TimeControl "180+1"]
[Date "2021.05.04"]
[WhiteClock "0:00:19"]
[BlackClock "0:00:02"]

1. e4 e6 2. Qe2 Ne7 3. Nf3 c5 4. g3 Nbc6 5. Bg2 d5 6. d3 dxe4 7. dxe4 e5 8. O-O Ng6 9. c3 Be7 10. Nbd2 O-O 11. Nc4 b5 12. Ne3 a6 13. Nd5 Re8 14. Be3 Bf8 15. Rfd1 Be6 16. a4 Qb8 17. axb5 Qxb5 18. Bf1 Bxd5 19. exd5 Qxe2 20. Bxe2 Nce7 21. Rxa6 Nf5 22. Rxa8 Rxa8 23. Bc1 h6 24. Nd2 Rd8 25. Nc4 f6 26. Bg4 Nfe7 27. Be6+ Kh8 28. Be3 f5 29. Bxc5 f4 30. Bxe7 Bxe7 31. d6 Bf6 32. d7 fxg3 33. hxg3 Nf8 34. Bh3 g5 35. Na5 Kg7 36. Nc6 Kf7 37. Nxd8+ Bxd8 38. b4 Ke7 39. c4 h5 40. Bf5 h4 41. c5 hxg3 42. fxg3 Bc7 43. b5 1-0


[Site "https://www.chess.com"]

[Event "Titled Tuesday Blitz May 4 2021"]
[White "Suvorov, Luca"]
[Black "Schmidt, Harald"]
[WhiteFideId "12977071"]
[BlackFideId "4648358"]
[WhiteElo "2127"]
[BlackElo "2289"]
[Result "0-1"]
[Round "04"]
[TimeControl "180+1"]
[Date "2021.05.04"]
[WhiteClock "0:00:02"]
[BlackClock "0:00:45"]

1. d4 a6 2. e4 b5 3. a4 Bb7 4. f3 b4 5. Bd3 g6 6. Ne2 Bg7 7. O-O d6 8. a5 Nd7 9. c3 bxc3 10. bxc3 Ngf6 11. Be3 O-O 12. Qd2 Re8 13. Na3 c5 14. Rfb1 Rb8 15. Nc4 d5 16. exd5 Nxd5 17. Bh6 Bf6 18. Be4 Qc7 19. Bf4 Nxf4 20. Nxf4 Bxe4 21. fxe4 cxd4 22. cxd4 Qxc4 23. e5 Bg7 24. Rc1 Qb4 25. Qf2 Rec8 26. Kh1 Rc4 27. e6 fxe6 28. Nxe6 Bf6 29. Qf3 Rxc1+ 30. Rxc1 Qxa5 31. Qc6 Nf8 32. Nc5 Qc3 33. Rd1 Rd8 34. d5 Rd6 35. Qc8 Rxd5 36. Rf1 0-1


[Site "https://www.chess.com"]

[Event "Titled Tuesday Blitz May 4 2021"]
[White "Svidler, Peter"]
[Black "Trent, Lawrence"]
[WhiteFideId "4102142"]
[BlackFideId "408638"]
[WhiteElo "2943"]
[BlackElo "2566"]
[Result "1-0"]
[Round "04"]
[TimeControl "180+1"]
[Date "2021.05.04"]
[WhiteClock "0:02:26"]
[BlackClock "0:01:09"]

1. e4 d5 2. exd5 Qxd5 3. Nf3 Nf6 4. Be2 Bg4 5. h3 Bxf3 6. Bxf3 Qe5+ 7. Qe2 Qxe2+ 8. Kxe2 c6 9. d4 Nbd7 10. Re1 e6 11. Nd2 Bd6 12. Nc4 Bc7 13. a4 a5 14. Kf1 Nb6 15. Ne5 Nbd7 16. Nd3 O-O 17. c3 Rfd8 18. g3 Nd5 19. Kg2 N7b6 20. Bg5 f6 21. Bc1 e5 22. dxe5 Nxc3 23. Nc5 Ncd5 24. exf6 Nd7 25. Ne6 Re8 1-0


[Site "https://www.chess.com"]

[Event "Titled Tuesday Blitz May 4 2021"]
[White "Sviridova, Vlada"]
[Black "Pajeken, Jakob Leon"]
[WhiteFideId "24109606"]
[BlackFideId "12942839"]
[WhiteElo "2101"]
[BlackElo "2024"]
[Result "1-0"]
[Round "04"]
[TimeControl "180+1"]
[Date "2021.05.04"]
[WhiteClock "0:00:14"]
[BlackClock "0:00:44"]

1. d4 d5 2. c4 dxc4 3. Nf3 Nf6 4. e3 c5 5. Bxc4 e6 6. O-O Nc6 7. Qe2 a6 8. a4 Be7 9. Rd1 Qc7 10. dxc5 Bxc5 11. b3 O-O 12. Bb2 e5 13. h3 h6 14. Nc3 Bf5 15. Nd5 Nxd5 16. Bxd5 Rfe8 17. Rac1 Bb6 18. e4 Bd7 19. Qc4 Be6 20. Nxe5 Rac8 21. Nxc6 Bxd5 22. exd5 bxc6 23. d6 Qd7 24. Qc3 f6 25. a5 Ba7 26. Qc4+ Kh8 27. Bd4 Bxd4 28. Qxd4 Re5 29. b4 Rd5 30. Qf4 Rxd1+ 31. Rxd1 c5 32. Qc4 cxb4 33. Qxb4 Rc6 34. Qb8+ Kh7 35. Qb1+ g6 36. Qb4 Kg7 37. Qd4 h5 38. Qd5 h4 39. Qxc6 Qxc6 40. d7 Qb5 41. d8=Q Kh6 42. Qh8+ Kg5 43. Qd8 Qe2 44. Rf1 Qb5 45. Qb6 Qe2 46. Qc5+ Kh6 47. Qd4 Kg5 48. Qe3+ Qxe3 49. fxe3 f5 50. Rb1 Kf6 51. Rb6+ Ke5 52. Rxa6 Ke4 53. Rxg6 Kxe3 54. Rf6 Kf4 55. a6 Kg3 56. a7 f4 57. Rg6# 1-0


[Site "https://www.chess.com"]

[Event "Titled Tuesday Blitz May 4 2021"]
[White "Tarasova, Viktoriya"]
[Black "katchesskat"]
[WhiteFideId "4175840"]
[WhiteElo "2182"]
[BlackElo "2264"]
[Result "1-0"]
[Round "04"]
[TimeControl "180+1"]
[Date "2021.05.04"]
[WhiteClock "0:00:16"]
[BlackClock "0:00:15"]

1. d4 c5 2. d5 e5 3. Nc3 a6 4. a4 d6 5. e4 Ne7 6. Nf3 Bg4 7. Bd3 Ng6 8. h3 Bxf3 9. Qxf3 Be7 10. g3 Bg5 11. h4 Bxc1 12. Rxc1 h6 13. O-O Nd7 14. b3 O-O 15. Nd1 Rb8 16. Qe2 Ne7 17. Ne3 Nf6 18. Kh2 Qd7 19. f4 exf4 20. gxf4 Rfe8 21. c4 Kh8 22. Qg2 Ng6 23. Nf5 Rg8 24. Rce1 Rbe8 25. Qf3 h5 26. Rg1 Rgf8 27. Rg5 b5 28. axb5 axb5 29. Reg1 bxc4 30. bxc4 Qb7 31. Nxd6 Qb2+ 32. R1g2 Qc1 33. Nxe8 Rxe8 34. e5 Ng4+ 35. R5xg4 hxg4 36. Qxg4 Qxf4+ 37. Qxf4 Nxf4 38. Rd2 Rxe5 39. Bf1 Re8 40. d6 Rd8 41. Kg3 Ne6 42. Bh3 Nd4 43. d7 f5 44. Kf4 g6 45. h5 Kg7 46. Rg2 Rxd7 47. Rxg6+ Kh7 48. Rf6 Re7 49. Bxf5+ Nxf5 50. Rxf5 Kh6 51. Rxc5 Rd7 52. Ke4 Rd1 53. Rd5 Rc1 54. c5 Rc2 55. Kd3 Rc1 56. Kd4 Rd1+ 57. Ke5 Rc1 58. Kd6 Kg7 59. c6 Kf7 60. Kd7 Kg7 61. c7 Rxc7+ 62. Kxc7 Kh6 63. Kd6 Kg7 64. Ke6 Kh6 65. Kf6 Kh7 66. Rg5 Kh6 67. Kf5 Kh7 68. Rg6 Kh8 69. Kf6 Kh7 70. Kf7 Kh8 71. Rh6# 1-0


[Site "https://www.chess.com"]

[Event "Titled Tuesday Blitz May 4 2021"]
[White "Terletsky, Oleg"]
[Black "elcandado"]
[WhiteFideId "14116774"]
[WhiteElo "2094"]
[BlackElo "2585"]
[Result "1-0"]
[Round "04"]
[TimeControl "180+1"]
[Date "2021.05.04"]
[WhiteClock "0:00:21"]
[BlackClock "0:00:05"]

1. e4 e5 2. Nf3 Nc6 3. Nc3 Nf6 4. d4 exd4 5. Nxd4 Bb4 6. Nxc6 bxc6 7. Bd3 d5 8. exd5 O-O 9. O-O Bg4 10. f3 Bh5 11. dxc6 Qd4+ 12. Kh1 Bxc3 13. bxc3 Qxc3 14. Bf4 Qxc6 15. Qd2 Bg6 16. Qa5 Nd5 17. Bg3 Rfd8 18. Rfd1 Ne3 19. Rdc1 Nd5 20. Rd1 h5 21. Bxg6 fxg6 22. c4 Nb6 23. Qg5 Rxd1+ 24. Rxd1 Nxc4 25. Rc1 Qe6 26. Qc5 Nd6 27. Re1 Qxa2 28. Qxc7 Nf5 29. Be5 Re8 30. g4 hxg4 31. fxg4 Qd5+ 32. Kg1 Ne7 33. Qd6 Qxd6 34. Bxd6 Kf7 35. Bxe7 Rxe7 36. Ra1 Ke8 37. Ra6 Kd8 38. Rxg6 Kc7 39. Ra6 Kb7 40. Ra3 a6 41. Kg2 Kb6 42. Kg3 a5 43. Kf4 Kb5 44. h4 Kb4 45. Ra1 a4 46. h5 a3 47. g5 Kb3 48. h6 Kb2 49. Rxa3 Kxa3 50. h7 Re8 51. Kf5 Kb4 52. Kg6 Kc5 53. Kf7 Rc8 54. Kxg7 Rc7+ 55. Kg8 Rc8+ 56. Kg7 Rc7+ 57. Kh6 Rc8 58. g6 Kd5 59. g7 Rc6+ 60. Kg5 Ke6 61. g8=Q+ 1-0


[Site "https://www.chess.com"]

[Event "Titled Tuesday Blitz May 4 2021"]
[White "TigrVShlyape"]
[Black "Rodin, Mihail"]
[BlackFideId "4113160"]
[WhiteElo "2829"]
[BlackElo "2368"]
[Result "1-0"]
[Round "04"]
[TimeControl "180+1"]
[Date "2021.05.04"]
[WhiteClock "0:00:12"]
[BlackClock "0:00:15"]

1. e4 e5 2. Nf3 Nc6 3. Bb5 a6 4. Ba4 Bc5 5. O-O Nge7 6. Nxe5 Nxe5 7. d4 b5 8. Bb3 Bxd4 9. Qxd4 d6 10. c3 c5 11. Qd1 c4 12. Bc2 O-O 13. Bg5 f6 14. Bh4 Kh8 15. Nd2 N7g6 16. Bg3 f5 17. f4 Ng4 18. Qf3 Qb6+ 19. Kh1 Qe3 20. Rad1 Qxf3 21. Rxf3 Bb7 22. Re1 Rae8 23. Rff1 fxe4 24. Bxe4 d5 25. Bxg6 hxg6 26. Nf3 Ne3 27. Rf2 Nf5 28. Rfe2 Rxe2 29. Rxe2 Rd8 30. Bf2 Nd6 31. Bd4 Ne4 32. Re1 Kg8 33. g3 Bc8 34. Kg2 Bf5 35. h3 Nf6 36. g4 Be4 37. Kg3 Rf8 38. Ng5 Re8 39. a3 Kf8 40. Nf3 Ke7 41. Ne5 Kd6 42. Nf7+ Kc6 43. Ng5 Kd7 44. h4 a5 45. Nf3 b4 46. Ne5+ Kd6 47. axb4 axb4 48. cxb4 Rb8 49. Bc5+ Kc7 50. Nf3 Bxf3 51. Kxf3 Ne4 52. Bd4 Rxb4 53. Bxg7 Rb3+ 54. Re3 Rb4 55. h5 gxh5 56. gxh5 Kd7 57. h6 Nd6 58. h7 Nf7 59. h8=Q Nxh8 60. Bxh8 Rb8 61. Bd4 Rc8 62. Kg4 Rf8 63. f5 Kc6 64. f6 Kd7 65. Kf5 Kd6 66. Kg6 Rg8+ 67. Kf5 Rf8 68. Re6+ Kd7 69. Re7+ Kd6 70. Kg6 Rg8+ 71. Rg7 Rf8 72. f7 1-0


[Site "https://www.chess.com"]